 Dungeon Crawl Stone Soup version 0.31.0-32-g396128a36d (webtiles) character file.

Game seed: 8075746936513372843

485 ChrisAssaf the Conjurer (level 7, 0/48 HPs)
             Began as a Human Conjurer on Mar 29, 2024.
             Was a Believer of Lugonu.
             Slain by a water moccasin (1 damage)
             ... on level 4 of the Dungeon.
             The game lasted 00:13:43 (3679 turns).

ChrisAssaf the Conjurer (Human Conjurer)            Turns: 3679, Time: 00:13:45

Health: 0/48       AC:  5    Str:  7    XL:     7   Next: 13%
Magic:  0/11       EV: 12    Int: 20    God:    Lugonu [**....]
Gold:   34         SH:  0    Dex: 10    Spells: 4/11 levels left

rFire   + . .        l - +3 trident (flame)
rCold   x . .        (no shield)
rNeg    . . .        a - +1 robe
rPois   .            (helmet restricted)
rElec   .            (no cloak)
rCorr   .            (no gloves)
SInv    .            (no boots)
Will    .....        e - amulet of guardian spirit
Stlth   ++           i - ring of fire
HPRegen 0.28/turn    (no ring)
MPRegen 0.12/turn

%: guardian spirit
@: lethally poisoned (0 -> -10)
A: explore regen, horns 1, iridescent scales 1, clumsy 1, persistent drain
a: Renounce Religion, Depart the Abyss, Banish


You were on level 4 of the Dungeon.
You worshipped Lugonu.
Lugonu was pleased with you.
You visited 1 branch of the dungeon, and saw 4 of its levels.

You collected 177 gold pieces.
You spent 143 gold pieces at shops.

Inventory:

Hand Weapons
 l - a +3 trident of flaming (weapon)
Missiles
 c - 10 boomerangs (quivered)
Armour
 a - a +1 robe (worn)
Jewellery
 e - an amulet of guardian spirit (around neck)
 i - a ring of fire (left hand)
Wands
 k - a wand of charming (17)
Scrolls
 b - 3 scrolls of revelation
 d - 3 scrolls of teleportation
Potions
 g - a potion of lignification {unknown}
 h - a potion of attraction
 m - a potion of brilliance {unknown}


   Skills:
 * Level 1.6 Fighting
 * Level 1.2 Polearms
 * Level 3.0 Throwing
 * Level 1.9 Armour
 * Level 2.9 Dodging
 * Level 3.0 Stealth
 * Level 2.7 Spellcasting
 * Level 4.9 Conjurations
 * Level 1.2 Alchemy
 * Level 1.5 Invocations
 * Level 0.9 Evocations


You had 4 spell levels left.
You knew the following spells:

 Your Spells              Type           Power      Damage    Failure   Level
a - Magic Dart            Conj           88%        1d7       1%          1
b - Searing Ray           Conj           44%        2d6       3%          2
c - Fulminant Prism       Conj/Alch      7%         3d7       38%         4

Your spell library contained the following spells:

 Spells                   Type           Power      Damage    Failure   Level
 Iskenderun's Mystic Bla  Conj/Tloc      12%        2d5       47%         4
 Manifold Assault         Tloc           2%         N/A       82%         4
 Dispersal                Tloc           1%         N/A       100%        6
 Disjunction              Tloc           1%         N/A       100%        8


Dungeon Overview and Level Annotations

Branches:
Dungeon (4/15)
 Temple: D:4-7

Altars:
Elyvilon
Hepliaklqana
Lugonu

Shops:
D:4 !


Innate Abilities, Weirdness & Mutations

You regain HP and MP as you explore.
You have a pair of small horns on your head.
You are partially covered in iridescent scales. (AC +2)
You are clumsy. (Dex -2)
Your health recovers twice as slowly from being drained.


Message History

The water moccasin bites you!
You are lethally poisoned!
The water moccasin poisons you!
The searing ray hits the water moccasin.
The water moccasin is heavily wounded.
* * * LOW HITPOINT WARNING * * *
You feel extremely sick. The water moccasin barely misses you.
The water moccasin bites you but does no damage.
Unknown command.
You feel much better.
You feel very sick. The water moccasin bites you.
You hit the water moccasin. You burn the water moccasin.
The water moccasin is heavily wounded.
You feel very sick. The water moccasin bites you.
You are lethally poisoned!
The water moccasin poisons you! The water moccasin misses you.
You puncture the water moccasin! You burn the water moccasin.
Your headbutt misses the water moccasin.
The water moccasin is almost dead.
* * * LOW HITPOINT WARNING * * *
You feel extremely sick.
The water moccasin completely misses you.
You closely miss the water moccasin.
Your headbutt misses the water moccasin.
The water moccasin is almost dead.
* * * LOW HITPOINT WARNING * * *
You feel very sick. The water moccasin misses you.
The water moccasin bites you but does no damage.
You closely miss the water moccasin.
The water moccasin is almost dead.
* * * LOW HITPOINT WARNING * * *
You feel very sick. The water moccasin bites you.
* * * LOW HITPOINT WARNING * * *
The water moccasin bites you.
You die...

.#####+#### #......########.##
..........# ####...............##
......^...# #<##.........[.....#.
.......†..###)##...............#.
####+####...[)..)#####.........#.
........##.###.# #.........#.
#####..<.......#####.........#.
#..........'...'.......∩...
#####..#..@#####..........#
##.#..S# #..........# #.#...#
#.........## #.#...# #########.#
#...# #.# ....# #+# ...### ....


You could see a water moccasin.

Vanquished Creatures
  The ghost of KKCryptic the Insei, an amateur OpSh of Jiyva (D:3)
  A kobold brigand (D:3)
  A howler monkey (D:4)
  A water moccasin simulacrum (D:3)
  3 orc priests
  An orc wizard (D:4)
  A scorpion simulacrum (D:3)
  3 adders
  A howler monkey simulacrum (D:3)
  A dart slug (D:4)
  An adder simulacrum (D:3)
  11 orcs
  7 endoplasms
  4 giant cockroaches
  6 goblins
  3 hobgoblins
  4 quokkas
  5 ball pythons
  3 bats
  4 frilled lizards
  A jackal simulacrum (D:3)
  4 kobolds
  8 rats
75 creatures vanquished.

Vanquished Creatures (collateral kills)
  An adder (D:2)
1 creature vanquished.

Vanquished Creatures (others)
  Ijyb (D:4)
  A fulminant prism (D:3)
2 creatures vanquished.

Grand Total: 78 creatures vanquished

Notes
Turn   | Place    | Note
-------+----------+-------------------------------------------
     0 | D:1      | ChrisAssaf the Human Conjurer began the quest for the Orb.
     0 | D:1      | Reached XP level 1. HP: 13/13 MP: 3/3
   230 | D:1      | Reached XP level 2. HP: 19/19 MP: 1/5
   233 | D:1      | Learned a level 2 spell: Searing Ray
  1376 | D:2      | Reached XP level 3. HP: 25/25 MP: 3/6
  1405 | D:2      | Found a faded altar of an unknown god.
  1413 | D:2      | Prayed at the altar of an unknown god.
  1413 | D:2      | Became a worshipper of Lugonu the Unformed
  1413 | D:2      | Reached * piety under Lugonu
  1747 | D:2      | Reached XP level 4. HP: 28/31 MP: 3/7
  1756 | D:2      | Learned a level 4 spell: Fulminant Prism
  2433 | D:3      | Found a runed translucent gate.
  2433 | D:3      | Found a runed translucent gate.
  2433 | D:3      | Found a runed translucent gate.
  2450 | D:3      | Reached skill level 1 in Throwing
  2457 | D:3      | Reached skill level 1 in Fighting
  2457 | D:3      | Reached XP level 5. HP: 26/37 MP: 5/8
  2485 | D:3      | Noticed a kobold brigand
  2487 | D:3      | Found a faded altar of an unknown god.
  2487 | D:3      | Found a hazy altar of Hepliaklqana.
  2499 | D:3      | Killed a kobold brigand
  2500 | D:3      | Reached skill level 1 in Armour
  2814 | D:3      | Found a white marble altar of Elyvilon.
  2829 | D:3      | Reached ** piety under Lugonu
  2984 | D:3      | Reached skill level 1 in Invocations
  3128 | D:3      | Noticed KKCryptic's ghost (amateur OpSh)
  3157 | D:3      | Reached XP level 6. HP: 30/43 MP: 4/9
  3206 | D:3      | Killed KKCryptic's ghost
  3207 | D:3      | Reached skill level 1 in Alchemy
  3321 | D:4      | Noticed Ijyb
  3332 | D:4      | HP: 2/43 [orc priest/nerve-wracking pain (14)]
  3333 | D:4      | Your ally Ijyb died
  3460 | D:4      | Reached skill level 1 in Polearms
  3469 | D:4      | Reached XP level 7. HP: 31/48 MP: 1/11
  3580 | D:4      | Found Mauckipp's Distillery.
  3609 | D:4      | Bought a potion of heal wounds for 55 gold pieces
  3611 | D:4      | Bought a potion of mutation for 88 gold pieces
  3611 | D:4      | Gained mutation: Your health recovers twice as slowly from
                  | being drained. [potion of mutation]
  3611 | D:4      | Gained mutation: You have a pair of small horns on your
                  | head. [potion of mutation]
  3611 | D:4      | Gained mutation: You are clumsy. (Dex -2) [potion of
                  | mutation]
  3611 | D:4      | Gained mutation: You are partially covered in iridescent
                  | scales. (AC +2) [potion of mutation]
  3679 | D:4      | HP: 1/48 [water moccasin (2)]
  3679 | D:4      | Slain by a water moccasin

Illustrated notes

Levels and vault maps discovered:
D:1:      saegor_arrival_simple_e, layout_basic, serial_park_tiny_1
D:2:      layout_loops_ring, ebering_ecumenical_altar_sacrificial
D:3:      layout_loops_ring, beargit_hepliaklqana_dungeon_heroes,
          elyvilon_altar_1, gammafunk_ghost_icy
D:4:      layout_basic, minmay_temple_entry_mini_moons, serial_shops, shop,
          uniq_ijyb

Skill      XL: |  1  2  3  4  5  6  7 |
---------------+----------------------+-----
Throwing       | 1 2 3 |  3.0
Fighting       | 1 |  1.6
Armour         | 1 |  1.9
Invocations    | 1 |  1.5
Alchemy        | 1 |  1.2
Polearms       | 1 |  1.2
Stealth        | 3 |  3.0
Dodging        | |  2.9
Spellcasting   | |  2.7
Conjurations   | |  4.9
Evocations     | |  0.9

Action                     |  1- 3 |  4- 6 |  7- 9 || total
---------------------------+-------+-------+-------++-------
  Melee: Trident           |       |    32 |    10 ||    42
         Punch             |       |     2 |     1 ||     3
  Throw: Boomerang         |    35 |    31 |     7 ||    73
   Cast: Magic Dart        |    39 |     9 |       ||    48
         Searing Ray       |     5 |    10 |     2 ||    17
         Fulminant Prism   |       |     1 |       ||     1
  Evoke: Wand              |       |     1 |       ||     1
    Use: Scroll            |     4 |    10 |     1 ||    15
         Potion            |     1 |     6 |     2 ||     9
 Armour: Robe              |    27 |    41 |    14 ||    82
  Dodge: Dodged            |    23 |    36 |     8 ||    67
